 Dungeon Crawl Stone Soup version 0.25-a0-265-g7af84ae0ac (webtiles) character file.

Game seed: 3422052430643081706, levelgen mode: deterministic

32 floatRand the Ducker (level 3, 23/27 HPs)
             Began as a Demonspawn Gladiator on Dec 8, 2019.
             Quit the game on level 1 of the Dungeon.
             The game lasted 00:01:01 (893 turns).

floatRand the Ducker (Demonspawn Gladiator)          Turns: 893, Time: 00:01:02

Health: 23/27      AC:  4    Str: 14    XL:     3   Next: 8%
Magic:  3/3        EV: 13    Int:  9    God:
Gold:   6          SH:  0    Dex: 15    Spells: 2/2 levels left

rFire    . . .     SeeInvis .   a - +0 war axe
rCold    . . .     Gourm    .   (no shield)
rNeg     . . .     Faith    .   b - +0 leather armour
rPois    .         Spirit   .   c - +0 helmet
rElec    .         Reflect  .   (no cloak)
rCorr    .         Harm     .   (no gloves)
MR       .....                  (no boots)
Stlth    ++........             (no amulet)
HPRegen  0.09/turn              (no ring)
MPRegen  0.08/turn              (no ring)

@: no status effects
A: claws 1, talons 1
a: no special abilities


You were on level 1 of the Dungeon.
You were not hungry.

You visited 1 branch of the dungeon, and saw 1 of its levels.

You collected 6 gold pieces.

Inventory:

Hand Weapons
 a - a +0 war axe (weapon)
 h - a +2 antimagic mace
Missiles
 d - 3 throwing nets (quivered)
 i - 4 boomerangs
Armour
 b - a +0 leather armour (worn)
 c - a +0 helmet (worn)
Potions
 e - a potion of resistance
Comestibles
 f - 2 rations
 g - 2 chunks of flesh


   Skills:
 - Level 2.0 Fighting
 + Level 3.1 Axes
 - Level 1.7 Throwing
 + Level 3.1 Dodging
 + Level 1.4 Stealth


You had 2 spell levels left.
You didn't know any spells.
Your spell library was empty.

Dungeon Overview and Level Annotations

Branches:
Dungeon (1/15)

Altars:


Innate Abilities, Weirdness & Mutations

You have sharp fingernails.
You have sharp toenails.


Message History

You kill the hobgoblin!
The frilled lizard barely misses you.
Items here: )) †† a +0 club x2; a hobgoblin corpse x2
You miss the frilled lizard. You claw the frilled lizard.
The frilled lizard is heavily wounded.
The frilled lizard bites you.
You barely miss the frilled lizard.
The frilled lizard is heavily wounded.
The frilled lizard misses you. The frilled lizard closely misses you.
You miss the frilled lizard. Your kick misses the frilled lizard.
The frilled lizard is heavily wounded.
The frilled lizard bites you but does no damage.
You hit the frilled lizard but do no damage.
The frilled lizard bites you but does no damage.
You miss the frilled lizard. You claw the frilled lizard.
You kill the frilled lizard!
Quiver which item? (- for none, * to show all) (? for menu, Esc to quit)
Okay, then.
Are you sure you want to abandon this character and quit the game? (Confirm with "yes".)

###.# #.# #.# #.# #.#
#.##### ###### #.##..
.....### #.##.#
####...## #.##@#
....##..## #.##)#
......#..# #.##.#
.....#.#.####(##†#
....#..#..)).(##.#
#..#....#..#..##.#####.
.##.....#..)...........#
.##.....#..#..##.#######
#))#....#..#.....#


There were no monsters in sight!

Vanquished Creatures
  A leopard gecko (D:1)
  4 bats (D:1)
  2 goblins (D:1)
  8 hobgoblins (D:1)
  A ball python (D:1)
  3 frilled lizards (D:1)
  6 kobolds (D:1)
  5 rats (D:1)
30 creatures vanquished.

Notes
Turn   | Place    | Note
-------+----------+-------------------------------------------
     0 | D:1      | floatRand the Demonspawn Gladiator began the quest for the
                  | Orb.
     0 | D:1      | Reached XP level 1. HP: 16/16 MP: 1/1
   395 | D:1      | Gained mutation: You have sharp toenails. [demonic
                  | ancestry]
   395 | D:1      | Reached XP level 2. HP: 20/22 MP: 2/2
   455 | D:1      | Reached skill level 1 in Stealth
   880 | D:1      | Gained mutation: You have sharp fingernails. [demonic
                  | ancestry]
   880 | D:1      | Reached XP level 3. HP: 27/27 MP: 3/3
   893 | D:1      | Quit the game

Levels and vault maps discovered:
D:1:      dpeg_arrival_pond, layout_loops_ring, minmay_circled_x

Skill      XL: |  1  2 |
---------------+-------+-----
Stealth        | 1 |  1.4
Axes           | 3 |  3.1
Dodging        | 3 |  3.1
Fighting       | |  2.0
Throwing       | |  1.7

Action                   || total
-------------------------++-------
Melee: War axe           ||    83
       Kick              ||    11
 Stab: Sleeping          ||     2
Armor: Leather armour    ||    33
Dodge: Dodged            ||    81

Table legend:
 A = Non-vault XP
 B = Vault XP
 C = Vault XP percentage of total XP
 D = Non-vault monster count
 E = Vault monster count
 F = Vault count percentage of total count
                 A         B        C        D         E       F
            +---------+---------+-------+---------+---------+-------
      Total |      40 |       6 |  13.0 |      26 |       4 |  13.3
            +---------+---------+-------+---------+---------+-------
        D:1 |      40 |       6 |  13.0 |      26 |       4 |  13.3
            +---------+---------+-------+---------+---------+-------
